 Dungeon Crawl Stone Soup version 0.28-a0-691-gad6df49e81 (webtiles) character file.

Game seed: 5582913031612998852

21242 lunkers the Thaumaturge (level 13, -13/102 HPs)
             Began as a Djinni Cinder Acolyte on Oct 21, 2021.
             Was a High Priest of Ignis.
             Mangled by a catoblepas (23 damage)
             ... on level 2 of the Lair of Beasts on Oct 22, 2021.
             The game lasted 00:40:53 (19586 turns).

lunkers the Thaumaturge (Djinni Cinder Acolyte)    Turns: 19586, Time: 00:40:54

Health: -13/102    AC: 12    Str: 17    XL:     13   Next: 18%
Gold:   831        EV: 14    Int: 21    God:    Ignis [*****.] SH:  3 Dex:  9

rFire   + + +      SeeInvis .   C - +6 whip "Rolom" {vorpal, Fragile rC++ Will+ rCorr Str+4}
rCold   + . .      Faith    .   u - +1 buckler
rNeg    . . .      Spirit   .   z - +0 troll leather armour
rPois   ∞          Reflect  .   k - +2 helmet
rElec   .          Harm     .   s - scarf {repulsion}
rCorr   +          Rampage  .   K - +0 pair of gloves
Will    ++...                   (boots unavailable)
Stlth   +.........              (no amulet)
HPRegen 1.27/turn               f - +4 ring of protection
MPRegen 0.00/turn               F - +4 ring of evasion

@: flying, repel missiles
A: sickness immunity, fire resistance 2, cold vulnerability 1, float, innate
caster, hp casting, extra vitality 1
a: Renounce Religion, Sea of Fire, Foxfire Swarm, Rising Flame


You were on level 2 of the Lair of Beasts.
You worshipped Ignis.
Ignis was extremely pleased with you.
You visited 2 branches of the dungeon, and saw 13 of its levels.
You also visited: Sewer.

You collected 831 gold pieces.

Inventory:

Hand Weapons
 m - a +3 dagger of venom
 C - the +6 whip "Rolom" (weapon) {vorpal, Fragile rC++ Will+ rCorr Str+4}
   (You found it on level 6 of the Dungeon)

   It inflicts extra damage upon your enemies.
   Str:       It affects your strength (+4).
   rC:        It greatly protects you from cold.
   rCorr:     It protects you from acid and corrosion.
   Fragile:   It will be destroyed if unequipped.
   Will:      It increases your willpower.
 G - the +5 rapier "Goetop" {venom, rPois rC+}
   (You found it on level 8 of the Dungeon)

   It poisons the flesh of those it strikes.
   rC:        It protects you from cold.
   rPois:     It protects you from poison.
Missiles
 J - 3 throwing nets
Armour
 b - a +0 cloak
 h - +0 steam dragon scales
 j - a +0 ring mail
 k - a +2 helmet (worn)
 s - a scarf of repulsion (worn)
 u - a +1 buckler (worn)
 z - a +0 troll leather armour (worn)
 E - a +2 robe of willpower
 K - a +0 pair of gloves (worn)
Jewellery
 f - a +4 ring of protection (left hand)
 F - a +4 ring of evasion (right hand)
Wands
 c - a wand of paralysis (1)
 t - a wand of flame (18)
 D - a wand of polymorph (11)
Scrolls
 d - a scroll of summoning {unknown}
 g - 3 scrolls of teleportation
 o - 3 scrolls of torment
 p - 3 scrolls of immolation
 y - 2 scrolls of magic mapping
 H - a scroll of acquirement {unknown}
 L - a scroll of fog
Potions
 a - 2 potions of berserk rage {unknown}
 e - 2 potions of brilliance
 i - 6 potions of invisibility
 l - 6 potions of curing
 n - 2 potions of resistance
 q - 2 potions of attraction
 r - a potion of might
 v - 4 potions of heal wounds
 w - a potion of mutation {unknown}
 x - a potion of ambrosia {unknown}
 A - a potion of cancellation {unknown}
 B - a potion of haste {unknown}
 I - a potion of flight {unknown}


   Skills:
 + Level 12.6 Fighting
 - Level 2.6 Short Blades
 * Level 13.5 Spellcasting


You had 18 spell levels left.
You knew the following spells:

 Your Spells              Type           Power      Damage    Failure   Level
a - Sting                 Tmut/Pois      100%       1d8       1%          1
b - Corpse Rot            Necr/Air       100%       N/A       1%          2
c - Inner Flame           Hex/Fire       63%        N/A       1%          3
d - Ignite Poison         Fire/Tmut/Pois 63%        N/A       1%          3
e - Metabolic Englaciati  Hex/Ice        31%        N/A       1%          5
f - Yara's Violent Unrav  Hex/Tmut       31%        3d13      1%          5
p - Scorch                Fire           100%       2d10      1%          2
Your spell library was empty.

Dungeon Overview and Level Annotations

Branches:
Dungeon (11/15)            Temple (0/1) D:6            Lair (2/6) D:11
    Orc (0/2) D:11          Sewer (visited)
  Swamp: Lair:2-4    Shoals: Lair:2-4     Snake: Lair:2-4    Spider: Lair:2-4

Altars:
Dithmenos
Fedhas
Gozag
Hepliaklqana
Nemelex Xobeh
Okawaru
Sif Muna
Trog
Uskayaw
Vehumet
Wu Jian
Xom
Zin

Shops:
D:5 *   D:9 (

Annotations:
D:10 1 runed translucent door, ytrimaz's ghost, journeyman MiBe


Innate Abilities, Weirdness & Mutations

You are immune to sickness and miasma.
You are immune to poison.
Your flesh is very heat resistant. (rF++)
You are vulnerable to cold. (rC-)
You float through the air rather than walking.
You learn spells naturally, not from books.
Your magical power is your life essence.
You have superior vitality. (+4 HP)


Message History

Your limbs are stiffening.
Unknown command.
Casting: Scorch (safe; 1% risk of failure)
Press: ? - help, Q - select action, (/) - cycle Dir - look around, f - activate Flames lash the catoblepas.
The catoblepas is severely wounded.
The catoblepas's fire resistance burns away.
* * * LOW HITPOINT WARNING * * *
You are engulfed in calcifying dust.
Your limbs have turned to stone.
The catoblepas gores you!!
* * * LOW HITPOINT WARNING * * *
You have turned to stone.
The catoblepas gores you!
* * * LOW HITPOINT WARNING * * *
The catoblepas is no longer more vulnerable to fire.
The catoblepas gores you!
* * * LOW HITPOINT WARNING * * *
The catoblepas gores you.
* * * LOW HITPOINT WARNING * * *
The catoblepas gores you!!
* * * LOW HITPOINT WARNING * * *
The catoblepas gores you but does no damage. x2
The catoblepas gores you.
* * * LOW HITPOINT WARNING * * *
The catoblepas breathes a plume of calcifying dust at you.
The blast of calcifying dust hits you.
* * * LOW HITPOINT WARNING * * *
You turn to flesh and can move again.
Unknown command.
The catoblepas gores you!!
* * * LOW HITPOINT WARNING * * *
Unknown command.
Casting: Scorch (safe; 1% risk of failure)
Press: ? - help, Q - select action, (/) - cycle Dir - look around, f - activate Flames lash the catoblepas.
The catoblepas is severely wounded.
The catoblepas's fire resistance burns away.
* * * LOW HITPOINT WARNING * * *
The catoblepas gores you!!
You die...

... #....#............
........###....##P#.#..
..8... ###.## ## #
...... ##.# # 8...8.
#..# ## .## ......#
##.#####.###.P#
..8....###.............#
.......#...............#
#.Y.##..#.#@#.......#
#....#†...Y§§§.....P#
#...#....##.PP##......##
. ##...#######......##
#...# #........# #...#
##......## ........#...
##......## .....:..#.<.
#...P...P# ........#....
##..P...##


You could see a catoblepas (combustible).

Vanquished Creatures
  Harold (Lair:1)
  A boulder beetle (D:10)
  2 hydras (Lair:1)
  A two-headed ogre (D:9)
  A death yak (D:11)
  An ugly thing (D:11)
  6 elephants
  A black mamba (Lair:1)
  A gargoyle (D:10)
  Maurice (D:8)
  5 cane toads
  A rime drake (Lair:1)
  2 kobold demonologists
  A komodo dragon (Lair:2)
  A polar bear (Lair:2)
  4 trolls
  A wraith (D:9)
  3 wyverns
  24 yaks
  3 basilisks (D:11)
  2 steam dragons (D:8)
  Menkaure (D:7)
  5 water moccasins
  4 orc warriors
  A sky beast (D:8)
  2 ice beasts
  2 necrophages
  5 ogres
  11 wolves
  4 centaurs
  A kobold brigand (D:11)
  5 bullfrogs
  A wyvern zombie (D:6)
  A scorpion (D:7)
  A water moccasin zombie (D:5)
  11 killer bees
  5 wights (D:7)
  3 howler monkeys (D:11)
  5 centaur zombies
  2 bullfrog zombies
  8 orc priests
  4 jellies
  Jessica (D:2)
  A centaur skeleton (D:6)
  9 orc wizards
  A killer bee zombie (D:8)
  A hound skeleton (D:5)
  2 howler monkey zombies
  5 gnolls (D:6)
  8 adders
  A shadow imp (D:6)
  A white imp (D:8)
  An ufetubus (D:6)
  2 worms
  3 dart slugs
  68 orcs
  9 endoplasms
  7 giant cockroaches
  15 goblins
  11 hobgoblins
  16 jackals
  25 kobolds
  5 quokkas
  15 ball pythons
  7 bats
  4 frilled lizards
  6 rats
369 creatures vanquished.

Vanquished Creatures (others)
  2 yaks (Lair:2)
  5 fungi
  13 plants
20 creatures vanquished.

Grand Total: 389 creatures vanquished

Notes
Turn   | Place    | Note
-------+----------+-------------------------------------------
     0 | D:1      | lunkers the Djinni Cinder Acolyte began the quest for the
                  | Orb.
     0 | D:1      | Reached XP level 1. HP: 20/20 MP: 0/0
   163 | D:1      | Reached XP level 2. HP: 14/25 MP: 0/0
   875 | D:1      | Reached XP level 3. HP: 25/30 MP: 0/0
   875 | D:1      | Learned a level 1 spell: Sting
   980 | D:1      | Reached skill level 3 in Spellcasting
  1913 | D:2      | Reached XP level 4. HP: 26/35 MP: 0/0
  2706 | D:2      | Noticed Jessica
  2709 | D:2      | Killed Jessica
  2880 | D:3      | Found a blossoming altar of Fedhas.
  3052 | D:3      | Found an ornate altar of the Wu Jian Council.
  3128 | D:3      | Reached XP level 5. HP: 37/41 MP: 0/0
  3128 | D:3      | Learned a level 2 spell: Corpse Rot
  3166 | D:3      | Found an iron altar of Okawaru.
  3824 | D:3      | Reached skill level 4 in Spellcasting
  4119 | D:3      | Reached XP level 6. HP: 38/47 MP: 0/0
  4677 | D:4      | Noticed an ogre
  4677 | D:4      | Noticed an ogre
  4687 | D:4      | Killed an ogre
  4689 | D:4      | Killed an ogre
  4690 | D:4      | Reached skill level 5 in Spellcasting
  4690 | D:4      | Reached XP level 7. HP: 23/53 MP: 0/0
  4690 | D:4      | Learned a level 3 spell: Inner Flame
  5057 | D:4      | Reached skill level 5 in Fighting
  5451 | D:5      | Entered Level 5 of the Dungeon
  5963 | D:5      | Found Tannac's General Store.
  6128 | D:5      | Reached XP level 8. HP: 55/61 MP: 0/0
  6164 | D:5      | Found a sparkling altar of Nemelex Xobeh.
  6446 | D:6      | Reached skill level 6 in Spellcasting
  6988 | D:6      | Found a shadowy altar of Dithmenos.
  7043 | D:6      | Found a glowing drain.
  7067 | Sewer    | Entered a sewer
  8101 | D:6      | Identified the +6 whip "Rolom" {vorpal, Fragile rC++ Will+
                  | rCorr Str+4}
  8348 | D:6      | Found a staircase to the Ecumenical Temple.
  8381 | D:6      | Reached skill level 7 in Spellcasting
  8381 | D:6      | Reached XP level 9. HP: 46/67 MP: 0/0
  8381 | D:6      | Learned a level 3 spell: Ignite Poison
  8601 | D:6      | You are sucked into a shaft and drop 2 floors!
  8601 | D:8      | Noticed Maurice
  8630 | D:8      | Killed Maurice
  8894 | D:8      | Found a bloodstained altar of Trog.
  9081 | D:7      | Noticed Menkaure
  9101 | D:7      | Reached skill level 8 in Spellcasting
  9109 | D:7      | Killed Menkaure
  9592 | D:7      | Reached XP level 10. HP: 61/76 MP: 0/0
 10235 | D:7      | Reached skill level 9 in Spellcasting
 10509 | D:7      | Found a glowing silver altar of Zin.
 10510 | D:7      | Found an opulent altar of Gozag.
 11324 | D:8      | Identified the +5 rapier "Goetop" {venom, rPois rC+}
 11569 | D:8      | Found a shimmering altar of Xom.
 11904 | D:9      | Found Qienecs's Weapon Emporium.
 12251 | D:8      | Reached skill level 10 in Spellcasting
 12554 | D:9      | Noticed a two-headed ogre
 12562 | D:9      | Killed a two-headed ogre
 12563 | D:9      | Reached XP level 11. HP: 67/85 MP: 0/0
 12563 | D:9      | Learned a level 5 spell: Metabolic Englaciation
 12911 | D:9      | Found a hide-covered altar of Uskayaw.
 12967 | D:10     | Entered Level 10 of the Dungeon
 13330 | D:8      | Reached skill level 10 in Fighting
 13673 | D:10     | Noticed a soul eater
 14520 | D:10     | Found a hazy altar of Hepliaklqana.
 14638 | D:10     | Found a runed translucent door.
 14638 | D:10     | Found a shimmering altar of Xom.
 14638 | D:10     | Noticed a +1 quarterstaff of chaos
 14640 | D:10     | Noticed ytrimaz's ghost (journeyman MiBe)
 14926 | D:10     | Reached skill level 11 in Spellcasting
 15316 | D:11     | Found a staircase to the Orcish Mines.
 15575 | D:11     | Noticed a boulder beetle
 15597 | D:10     | HP: 1/86 [boulder beetle (23)]
 15982 | D:10     | Killed a boulder beetle
 16150 | D:11     | Noticed a red ugly thing
 16161 | D:11     | Killed a red ugly thing
 16779 | D:11     | Noticed a death yak
 16788 | D:11     | Noticed an elephant
 16858 | D:10     | Killed an elephant
 17540 | D:11     | Reached XP level 12. HP: 90/94 MP: 0/0
 17567 | D:11     | Killed a death yak
 17600 | D:11     | Found a staircase to the Lair.
 17741 | Lair:1   | Entered Level 1 of the Lair of Beasts
 17741 | Lair:1   | Noticed Harold
 17747 | Lair:1   | Killed Harold
 17748 | Lair:1   | Reached skill level 12 in Spellcasting
 18129 | Lair:1   | Noticed a six-headed hydra
 18137 | Lair:1   | Killed a six-headed hydra
 18340 | Lair:1   | Noticed a five-headed hydra
 18347 | Lair:1   | Killed a five-headed hydra
 18529 | Lair:1   | Reached skill level 13 in Spellcasting
 18864 | Lair:2   | Reached XP level 13. HP: 98/101 MP: 0/0
 18864 | Lair:2   | Learned a level 5 spell: Yara's Violent Unravelling
 18904 | Lair:2   | Noticed a catoblepas
 19160 | Lair:2   | HP: 5/102 [torpor snail (9)]
 19586 | Lair:2   | Mangled by a catoblepas

Illustrated notes

Levels and vault maps discovered:
D:1:      dpeg_arrival_brainrot, layout_basic, serial_curves, eino_curves_02,
          eino_curves_03, bh_walls_and_bars
D:2:      mumra_celtic_spiral_tile, layout_basic, uniq_jessica
D:3:      layout_loops_ring, mainiacjoe_overflow_chevrons,
          okawaru_ov_weapons_minmay, nzn_wu_jian_contemplation
D:4:      minmay_evil_eye, layout_basic, minmay_hedge_maze
D:5:      layout_rooms, mainiacjoe_overflow_boulevard, serial_shops,
          shop_fountains
D:6:      corexii_shantytown, layout_basic, nicolae_dithmenos_the_darkroom,
          minmay_temple_entry_slanted, gup_sewer_entry_bubbles
D:7:      layout_basic, grunt_temple_overflow_gold_and_silver,
          nicolae_vehumet_radiance, hangedman_glass_teeth, uniq_menkaure
D:8:      layout_rooms, bloody_trog, tgw_xom, uniq_maurice
D:9:      layout_long_grid, general_overflow_altar, kennysheep_mini,
          serial_shops, nicolae_shop_waterfront
D:10:     layout_cave_pods, nzn_hepliaklqana_mist_gate, enter_bailey_5,
          ebering_ghost_xom
D:11:     layout_roguey, david_lair_generic, hiddenorc2_lemuel
Lair:1:   layout_regular_city, minivault_19, grunt_megastairs_1,
          infiniplex_staircase_pool_2, uniq_harold
Lair:2:   layout_chaotic_city, fungi_pond_lemuel, grunt_megastairs_4

Skill      XL: |  1  2  3  4  5  6  7  8  9 10 11 12 |
---------------+-------------------------------------+-----
Spellcasting   | 3 4 5 7 8 10 11 13 | 13.5
Fighting       | 4 5 6 8 9 11 12 | 12.6
Short Blades   | |  2.6

Action                   |  1- 3 |  4- 6 |  7- 9 | 10-12 | 13-15 || total
-------------------------+-------+-------+-------+-------+-------++-------
Melee: Short sword       |    33 |       |       |       |       ||    33
       Dagger            |       |     2 |       |       |       ||     2
       Whip              |       |       |       |     4 |     1 ||     5
 Cast: Scorch            |    32 |    66 |   228 |   472 |    90 ||   888
       Sting             |     8 |     2 |     1 |       |       ||    11
       Metabolic Englaci |       |       |       |     1 |       ||     1
Evoke: Wand              |       |       |       |    40 |       ||    40
  Use: Scroll            |       |       |    14 |     8 |     3 ||    25
Armor: Robe              |     6 |       |       |    67 |       ||    73
       Ring mail         |     4 |    11 |    54 |       |       ||    69
       Troll leather arm |       |       |       |    61 |    54 ||   115
Dodge: Dodged            |    22 |    11 |    44 |   216 |    65 ||   358
       Repelled          |       |       |     1 |       |       ||     1
Block: Buckler           |       |       |    13 |    26 |    12 ||    51

Table legend: (Time is in decaauts)
 A = Elapsed time spent in this place.
 B = Non-inter-level travel time spent in this place.
 C = Inter-level travel time spent in this place.
 D = Time resting spent in this place.
 E = Time spent auto-exploring this place.
 F = Levels seen in this place.
 G = Mean time per level.
                   A        B        C        D        E       F      G
               +--------+--------+--------+--------+--------+-----+--------+
         Total |  19617 |  19403 |    214 |   3091 |  13449 |  14 | 1401.2 |
       Dungeon |  17010 |  16812 |    198 |   2855 |  11754 |  11 | 1546.4 |
          Lair |   1867 |   1851 |     16 |    236 |   1048 |   2 |  933.5 |
         Sewer |    739 |    739 |      0 |      0 |    647 |   1 |  739.0 |
               +--------+--------+--------+--------+--------+-----+--------+

Top non-repeatable levels by time:
    D:10: 2359 daAuts
     D:6: 1872 daAuts
     D:8: 1829 daAuts
    D:11: 1782 daAuts
     D:1: 1703 daAuts
     D:7: 1426 daAuts
     D:2: 1425 daAuts
     D:9: 1315 daAuts
     D:3: 1277 daAuts
  Lair:1: 1156 daAuts
     D:4: 1042 daAuts
     D:5: 975 daAuts
   Sewer: 739 daAuts
  Lair:2: 711 daAuts
